AoeStats
← kapusta

Arabia

505936768Analyzed
4v4 RM · 19d ago on Sep 11, 2026· 68m 46s· 8 players
Game mode
Random Map
Map size
Large (8 player)
Population
200
Speed
Normal
Resources
Standard
Victory
Conquest
Starting age
Dark Age
Ending age
Imperial Age
RankedLock teamsTeams togetherTeam positionsShared explorationLock speedFull tech treeHidden civsTurbo modeCheats
Victory
Defeat
🇦🇹 Tupi · Austria
828
+13
🇮🇳 Tatars · India
806
+14
🇩🇪 Bulgarians · Germany
798
+14
🇺🇦 Saracens · Ukraine
798
+14
🇷🇺 Khitans · Russia
846
-16
🇷🇺 Celts · Russia
804
-15
🇷🇺 Turks · Russia
707
-12
705
-12
kailashsaravanaraj
11:35 Feudal Age
13:37 Wheelbarrow
16:21 Castle Age
26:27 Husbandry
27:49 Hand Cart
27:32 Gold Mining
30:43 Horse Collar
32:34 Gold Shaft Mining
31:53 Stone Mining
34:43 Imperial Age
32:25 Double-Bit Axe
32:43 Heavy Plow
34:26 Bloodlines
34:15 Fletching
34:36 Loom
35:30 Elite Steppe Lancer
40:49 Forging
40:45 Scale Barding Armor
42:23 Coinage
42:04 Guilds
45:17 Conscription
45:11 Timurid Siegecraft
45:09 Silk Armor
47:47 Iron Casting
47:33 Chain Barding Armor
47:08 Bodkin Arrow
49:29 Bracer
49:29 Padded Archer Armor
50:33 Blast Furnace
50:09 Plate Barding Armor
51:52 Leather Archer Armor
51:56 Heavy Cavalry Archer
59:18 Ring Archer Armor
65:50 Siege Engineers
66:06 Ballistics
Dankemerkel21
0:25 Loom
13:10 Feudal Age
19:02 Castle Age
21:11 Double-Bit Axe
21:09 Horse Collar
22:05 Bow Saw
21:57 Heavy Plow
22:17 Elite Skirmisher
25:31 Thumb Ring
28:31 Forging
28:26 Scale Barding Armor
28:55 Gold Mining
31:54 Caravan
32:24 Coinage
32:33 Iron Casting
32:18 Chain Barding Armor
37:26 Imperial Age
38:45 Wheelbarrow
37:55 Town Watch
39:03 Crop Rotation
38:01 Capped Ram
38:56 Siege Ram
40:41 Hand Cart
40:27 Town Patrol
41:07 Gold Shaft Mining
41:32 Banking
41:32 Elite Konnik
43:24 Fletching
43:34 Padded Archer Armor
44:35 Blast Furnace
44:11 Plate Barding Armor
43:36 Loom
45:09 Bodkin Arrow
45:29 Leather Archer Armor
46:58 Ballistics
47:39 Chemistry
46:35 Murder Holes
46:46 Siege Engineers
46:51 Masonry
47:28 Stirrups
47:54 Conscription
48:02 Bracer
55:08 Heavy Cavalry Archer
56:15 Parthian Tactics
60:18 Architecture
stefan
9:24 Loom
11:21 Feudal Age
12:00 Horse Collar
12:06 Double-Bit Axe
22:17 Castle Age
21:25 Fletching
25:27 Pikeman
26:40 Bow Saw
26:34 Heavy Plow
27:43 Gold Mining
28:44 Wheelbarrow
29:48 Caravan
29:52 Squires
30:39 Gold Shaft Mining
29:55 Stone Mining
31:15 Bodkin Arrow
31:29 Scale Barding Armor
33:28 Hand Cart
34:49 Chain Barding Armor
34:30 Padded Archer Armor
34:42 Thumb Ring
39:43 Imperial Age
38:15 Fortified Wall
38:47 Ballistics
41:02 Parthian Tactics
42:16 Coinage
43:35 Two-Man Saw
41:58 Elite Mameluke
43:02 Conscription
44:45 Town Watch
46:09 Town Patrol
46:14 Bracer
46:30 Leather Archer Armor
46:50 Plate Barding Armor
48:00 Chemistry
46:57 Murder Holes
46:48 Arrowslits
47:34 Husbandry
47:44 Bloodlines
46:56 Heavy Camel Rider
49:03 Ring Archer Armor
48:43 Forging
wohja182
5:20 Loom
11:28 Feudal Age
18:16 Castle Age
21:33 Fletching
43:44 Double-Bit Axe
45:03 Bow Saw
44:35 Horse Collar
46:18 Heavy Plow
47:26 Gold Mining
50:58 Wheelbarrow
51:36 Scale Mail Armor
53:00 Gold Shaft Mining
54:41 Chain Mail Armor
54:36 Forging
57:03 Imperial Age
57:45 Iron Casting
57:28 Hand Cart
58:58 Plate Mail Armor
59:23 Squires
59:33 Elite Ibirapema Warrior
61:33 Capped Ram
66:11 Siege Ram
Tonny
8:16 Loom
10:30 Feudal Age
9:19 Loom
10:59 Double-Bit Axe
10:56 Horse Collar
14:16 Wheelbarrow
19:32 Castle Age
17:38 Stone Mining
17:56 Gold Mining
19:04 Town Watch
20:54 Bow Saw
21:00 Scale Mail Armor
21:13 Forging
25:52 Chain Mail Armor
26:44 Hand Cart
27:18 Iron Casting
26:53 Heavy Plow
35:43 Caravan
37:05 Fervor
37:02 Fletching
37:14 Treadmill Crane
41:39 Imperial Age
41:53 Masonry
42:22 Stone Shaft Mining
42:26 Gold Shaft Mining
42:42 Conscription
43:17 Plate Mail Armor
44:13 Blast Furnace
44:00 Elite Woad Raider
51:54 Siege Engineers
52:29 Stronghold
54:26 Stronghold
60:34 Elite Skirmisher
67:29 Bodkin Arrow
kapusta
3:44 Loom
10:17 Feudal Age
10:44 Double-Bit Axe
10:40 Domestication
14:35 Fletching
22:28 Castle Age
21:13 Forging
22:02 Padded Archer Armor
22:40 Scale Barding Armor
22:59 Elite Skirmisher
24:30 Iron Casting
30:06 Light Cavalry
35:28 Wheelbarrow
36:21 Bow Saw
42:04 Imperial Age
39:37 Husbandry
41:06 Chain Barding Armor
42:33 Hand Cart
42:39 Bodkin Arrow
43:03 Heavy Camel Rider
44:26 Plate Barding Armor
47:01 Bracer
47:59 Town Watch
48:36 Thumb Ring
48:37 Gold Mining
53:43 Two-Man Saw
52:16 Hussar
53:38 Leather Archer Armor
55:08 Conscription
54:56 Ordo Cavalry
55:26 Ring Archer Armor
55:36 Lamellar Armor
56:34 Scale Mail Armor
58:37 Caravan
60:39 Coinage
66:11 Stone Mining
Hello, this is scout!
12:37 Feudal Age
12:05 Loom
14:13 Scale Mail Armor
14:23 Forging
15:08 Arson
15:31 Fletching
16:28 Horse Collar
19:44 Double-Bit Axe
30:18 Stone Mining
30:18 Gold Mining
35:29 Castle Age
34:29 Stone Mining
45:54 Pikeman
47:59 Scale Barding Armor
48:10 Chain Mail Armor
48:31 Iron Casting
48:48 Chain Barding Armor
48:25 Bodkin Arrow
49:04 Bow Saw
49:30 Padded Archer Armor
51:22 Wheelbarrow
51:41 Stirrups
51:51 Heavy Plow
52:31 Gambesons
52:47 Squires
52:16 Elite Skirmisher
68:07 Ballistics
GoDzilych
9:44 Loom
12:33 Feudal Age
13:11 Double-Bit Axe
14:03 Horse Collar
25:00 Castle Age
22:59 Fletching
23:20 Forging
26:13 Bodkin Arrow
26:54 Iron Casting
27:39 Squires
27:42 Heavy Plow
27:55 Bow Saw
28:14 Padded Archer Armor
28:10 Stone Mining
28:10 Gold Mining
28:17 Gold Mining
35:07 Gold Shaft Mining
34:55 Leather Archer Armor
Connection lost

Rejoining the realm…

Still unreachable

The connection could not be restored.

Session expired

The server has moved on; the page needs a fresh start.